 Dungeon Crawl Stone Soup version bcrawl-1.27.3 (webtiles) character file.

Game seed: 12415749113982879698

259215 Faustar the Basher (level 9, 0/79 (80) HPs)
             Began as a Sand Dwarf Skald on Aug 10, 2020.
             Was a Priest of Cheibriados.
             Slain by a steam dragon (8 damage)
             ... on level 9 of the Dungeon.
             The game lasted 00:17:15 (7364 turns).

Faustar the Basher (Sand Dwarf Skald)               Turns: 7364, Time: 00:17:15

HP:   0/79 (80)     AC: 11    Str: 25    XL:     9   Next: 79%
MP:   11/15         EV: 28    Int: 22    God:    Cheibriados [***...]
Gold: 0             SH:  0    Dex: 17    Spells: 7/16 levels left

rFire    + . .     SeeInvis .   a - +0 mace
rCold    x . .     Gourm    .   (shield restricted)
rNeg     . . .     Faith    .   o - +0 scale mail
rPois    .         Spirit   .   (no helmet)
rElec    .         Reflect  .   p - +0 cloak
rCorr    .         Harm     .   t - +1 pair of gloves
MR       +....                  (no boots)
Stlth    ..........             q - amulet of the acrobat
HPRegen  0.23/turn              l - ring of fire
MPRegen  0.14/turn              (no ring)

@: lightly drained, very slow
A: small, slowness 1, armour attunement
a: Bend Time, Temporal Distortion, Renounce Religion


You were on level 9 of the Dungeon.
You worshipped Cheibriados.
Cheibriados was most pleased with you.
You were not hungry.

You visited 2 branches of the dungeon, and saw 10 of its levels.

You collected 27 gold pieces.
You spent 27 gold pieces at shops.

Inventory:

Hand Weapons
 a - a +0 mace (weapon)
Armour
 o - a +0 scale mail (worn)
 p - a +0 cloak (worn)
 t - a +1 pair of gloves (worn)
Jewellery
 l - a ring of fire (left hand)
 q - an amulet of the acrobat (around neck)
Wands
 x - a wand of acid (3)
Scrolls
 c - 3 scrolls of noise {unknown}
 g - a scroll of identify
 i - 6 scrolls of remove curse
 k - 3 scrolls of teleportation
Potions
 m - 2 potions of agility
 n - a potion of brilliance
Comestibles
 b - 3 chunks of flesh
 e - 12 rations {!d}


   Skills:
 + Level 7.6(7.3) Fighting
 + Level 9.2(8.8) Maces & Flails
 - Level 8.0(7.6) Armour
 - Level 1.5(1.2) Dodging
 - Level 4.0(3.6) Spellcasting
 - Level 3.0(2.6) Hexes
 - Level 5.0(4.6) Charms
 - Level 3.0(2.6) Necromancy


You had 7 spell levels left.
You knew the following spells:

 Your Spells              Type           Power        Failure   Level  Hunger
a - Infusion              Chrm           ###.....     1%          1    None
b - Song of Slaying       Chrm           ###.....     2%          2    None
c - Regeneration          Chrm/Necr      ###.......   8%          3    ####...
d - Spectral Weapon       Hex/Chrm       ###.....     8%          3    ####...

Your spell library contained the following spells:

 Spells                   Type           Power        Failure   Level  Hunger
 Freeze                   Ice            #.....       12%         1    None
 Ozocubu's Armour         Chrm/Ice       ##......     14%         3    ####...
 Ignite Poison            Fire/Tmut/Pois #.......     34%         3    ####...
 Yara's Violent Unravell  Hex/Tmut       #.........   54%         4    #####..
 Throw Icicle             Conj/Ice       #.......     75%         4    #####..
 Blade Hands              Tmut           #.........   97%         5    ######.


Dungeon Overview and Level Annotations

Branches:
Dungeon (9/12)             Temple (1/1) D:4
   Lair: D:7-9          Orc: D:8-11

Altars:
Ashenzari
Cheibriados
Dithmenos
Gozag
Kikubaaqudgha
Lugonu
Makhleb
Nemelex Xobeh
Okawaru
Qazlal
Sif Muna
Trog
Uskayaw
Vehumet
Wu Jian
Xom
Yredelemnul
Zin
The Shining One

Shops:
D:6 :***!   D:7 :

Annotations:
D:5 1 runed translucent door, yrara's ghost, novice DsFi
D:8 Maurice


Innate Abilities, Weirdness & Mutations

You are small and have problems with some larger weapons.
You cover ground slowly.
Armour does not affect your spellcasting.


Message History

Reactivating autopickup.
Near the exit of the stairs, a rune flashes!
You stop descending the stairs.
Your surroundings suddenly seem different.
An orc, an orc priest, a centaur warrior and 2 trolls come into view.
You have encountered a dangerous foe!
The troll shouts!
The centaur warrior shouts!
The orc shouts!
The orc priest shouts!
You hear a shout! x2
A steam dragon comes into view.
The troll completely misses you. The troll closely misses you.
The troll claws you.
* * * LOW HITPOINT WARNING * * *
The steam dragon barely misses you. The steam dragon completely misses you.
Your magical contamination has completely faded away.
The troll completely misses you. x2; The troll barely misses you.
The steam dragon misses you. The steam dragon completely misses you.
The troll bites you!
* * * LOW HITPOINT WARNING * * *
The troll completely misses you. x2; The steam dragon bites you!
You die...

### ...### #
......# ##..
....... .....
.%..... ######.....
!......##..........
.......#..#####....
.......@.##.oo##...
......#DT#c#.#.#...
..... ##.T.#|#.....
.... #.#.#(#.#...
... ...##...##o..
.. #....#####..o. #
#..##..........
#..# #####....##
#.# #####


You could see a centaur warrior, 2 trolls, a steam dragon, an orc priest and an
orc.

Vanquished Creatures
  2 hippogriffs (D:6)
  2 wyverns (D:8)
  A hungry ghost (D:7)
  2 orc warriors
  A black bear (D:8)
  2 sky beasts
  A necrophage (D:8)
  An ogre (D:6)
  2 centaurs
  A wyvern zombie (D:8)
  A killer bee (D:7)
  3 wights (D:8)
  4 howler monkeys (D:7)
  2 crimson imps
  A bullfrog zombie (D:8)
  4 bullfrog skeletons
  A centaur skeleton (D:4)
  4 hounds
  2 jellies (D:7)
  4 orc wizards
  A quasit (D:8)
  5 orc priests
  An iguana (D:4)
  2 worker ants
  7 adders
  2 shadow imps
  An ooze (D:1)
  4 worms
  4 dart slugs (D:1)
  3 leopard geckos
  14 orcs
  5 giant cockroaches
  7 hobgoblins
  12 jackals
  3 quokkas
  A ball python (D:2)
  2 bats (D:2)
  5 frilled lizards
  8 goblins
  8 kobolds
  A quokka zombie (D:5)
  5 rats
142 creatures vanquished.

Vanquished Creatures (others)
  6 spectral weapons
6 creatures vanquished.

Grand Total: 148 creatures vanquished

Notes
Turn   | Place    | Note
-------+----------+-------------------------------------------
     0 | D:1      | Faustar the Sand Dwarf Skald began the quest for the Orb.
     0 | D:1      | Reached XP level 1. HP: 18/18 MP: 3/3
   110 | D:1      | Reached XP level 2. HP: 9/25 MP: 5/5
   289 | D:1      | Reached skill level 4 in Maces & Flails
   371 | D:1      | Reached XP level 3. HP: 29/31 MP: 6/6
   960 | D:2      | Reached XP level 4. HP: 40/40 MP: 7/7
  1063 | D:2      | Reached skill level 5 in Maces & Flails
  1582 | D:2      | Found a sparkling altar of Nemelex Xobeh.
  1941 | D:3      | Reached XP level 5. HP: 36/47 MP: 8/8
  2715 | D:4      | Found a staircase to the Ecumenical Temple.
  2725 | D:4      | Noticed a sky beast
  2734 | Temple   | Entered the Ecumenical Temple
  2752 | Temple   | Killed a sky beast
  2752 | Temple   | Reached skill level 5 in Fighting
  2752 | Temple   | Reached skill level 6 in Maces & Flails
  2752 | Temple   | Reached XP level 6. HP: 28/56 MP: 9/9
  2786 | Temple   | Learned a level 2 spell: Song of Slaying
  2790 | Temple   | Learned a level 3 spell: Regeneration
  2957 | Temple   | Became a worshipper of Cheibriados the Contemplative
  3226 | D:4      | Reached skill level 7 in Maces & Flails
  3453 | D:4      | Noticed a sky beast
  3483 | D:4      | Killed a sky beast
  3483 | D:4      | Reached skill level 8 in Maces & Flails
  3483 | D:4      | Reached XP level 7. HP: 17/64 MP: 10/10
  3990 | D:4      | Learned a level 3 spell: Spectral Weapon
  4214 | D:5      | Entered Level 5 of the Dungeon
  4675 | D:5      | Reached * piety under Cheibriados
  4747 | D:5      | Reached skill level 1 in Necromancy
  4823 | D:5      | Reached skill level 1 in Hexes
  4858 | D:5      | Found a runed translucent door.
  4859 | D:5      | Noticed yrara's ghost (novice DsFi)
  5119 | D:6      | Found Metwin's Assorted Antiques.
  5148 | D:6      | Found a shattered altar of Ashenzari.
  5194 | D:6      | Found Jownuy's Distillery.
  5204 | D:6      | Bought a potion of curing for 27 gold pieces
  5436 | D:6      | Reached XP level 8. HP: 33/71 MP: 5/12
  5583 | D:6      | Found an opulent altar of Gozag.
  5584 | D:6      | Found a hide-covered altar of Uskayaw.
  5604 | D:6      | Found Iveng's Book Boutique.
  5807 | D:6      | Noticed a hippogriff
  5818 | D:6      | Killed a hippogriff
  5933 | D:6      | Found Benley's Assorted Antiques.
  6014 | D:6      | Found Nugups's Assorted Antiques.
  6016 | D:6      | Noticed a hippogriff
  6027 | D:6      | Killed a hippogriff
  6367 | D:7      | Reached skill level 5 in Charms
  6373 | D:7      | Reached ** piety under Cheibriados
  6508 | D:7      | Reached XP level 9. HP: 59/78 MP: 9/15
  6516 | D:7      | Found a burning altar of Makhleb.
  6588 | D:7      | Found Riwiku's Book Shop.
  6601 | D:7      | Reached skill level 5 in Armour
  6886 | D:8      | Noticed Maurice
  7283 | D:8      | Identified the Guide on Changing and the Glacier
  7299 | D:8      | Reached *** piety under Cheibriados
  7323 | D:8      | Found the +10 Black Knight's horse barding {ponderous,
                  | rPois rN+}
  7335 | D:8      | Reached skill level 9 in Maces & Flails
  7360 | D:9      | Noticed a troll
  7360 | D:9      | Noticed a troll
  7360 | D:9      | Noticed a centaur warrior
  7364 | D:9      | Slain by a steam dragon

Skill      XL: |  1  2  3  4  5  6  7  8  9 |
---------------+----------------------------+-----
Fighting       | 3 4 5 6 7 |  7.6
Maces & Flails | 4 5 6 8 9 |  9.2
Necromancy     | 2 3 |  3.0
Hexes          | 1 3 |  3.0
Spellcasting   | 4 |  4.0
Charms         | 5 |  5.0
Armour         | 3 8 |  8.0
Dodging        | |  1.5

Action                   |  1- 3 |  4- 6 |  7- 9 || total
-------------------------+-------+-------+-------++-------
Melee: Mace              |   118 |   241 |   290 ||   649
 Cast: Spectral Weapon   |       |       |    18 ||    18
       Regeneration      |       |       |     7 ||     7
Invok: Bend Time         |       |       |     1 ||     1
Evoke: Wand              |       |       |     2 ||     2
  Use: Potion            |       |     5 |     2 ||     7
       Scroll            |       |       |    12 ||    12
 Stab: Invisible         |       |       |     3 ||     3
       Distracted        |       |       |     1 ||     1
  Eat: Chunk             |     4 |    12 |    14 ||    30
       Ration            |       |     1 |     3 ||     4
Armor: Leather armour    |    25 |       |       ||    25
       Ring mail         |    15 |    75 |    46 ||   136
       Scale mail        |       |       |    58 ||    58
Dodge: Dodged            |    89 |   159 |   270 ||   518
